 Dungeon Crawl Stone Soup version 0.30.1-9-gdf580d7c3d (webtiles) character file.

Game seed: 4734831187796824127

476 lonewolfV2 the Chopper (level 6, -9/51 HPs)
             Began as a Demonspawn Chaos Knight on Oct 24, 2023.
             Was a Plaything of Xom.
             Mangled by an ogre
             ... wielding a +0 giant spiked club
              (32 damage)
             ... on level 4 of the Dungeon.
             The game lasted 00:09:10 (2994 turns).

lonewolfV2 the Chopper (Demonspawn Chaos Knight)    Turns: 2994, Time: 00:09:11

Health: -9/51      AC: 13    Str: 15    XL:     6   Next: 84%
Magic:  5/5        EV:  2    Int: 16    God:    Xom [.*....]
Gold:   226        SH: 10    Dex: 12    Spells: 5/5 levels left

rFire   . . .        d - +7 war axe of Demand {heavy, Contam Fly Int+3}
rCold   . . .        x - +0 kite shield
rNeg    . . .        e - +0 plate armour
rPois   .            (no helmet)
rElec   .            k - +0 cloak
rCorr   .            (no gloves)
SInv    +            (no boots)
Will    .....        v - amulet of regeneration Stlth
                     g - ring of see invisible
HPRegen 1.08/turn    (no ring)
MPRegen 0.09/turn

%: no passive effects
@: flying
A: thin metallic scales 1, spiny 1, condensation shield, weakness stinger 1, low
MP 1, teleportitis 1
a: Renounce Religion


You were on level 4 of the Dungeon.
You worshipped Xom.
You were a plaything of Xom.
You visited 1 branch of the dungeon, and saw 4 of its levels.

You collected 226 gold pieces.

Inventory:

Hand Weapons
 a - a +1 hand axe of chaos
 d - the +7 war axe of Demand (weapon) {heavy, Contam Fly Int+3}
   (You acquired it on level 1 of the Dungeon)

   Int:       It affects your intelligence (+3).
   Fly:       It grants you flight.
   Contam:    It causes magical contamination when unequipped.
Missiles
 s - a throwing net
Armour
 b - a +2 leather armour
 e - a +0 plate armour (worn)
 k - a +0 cloak (worn)
 m - a +0 scale mail
 x - a +0 kite shield (worn)
Jewellery
 g - a ring of see invisible (left hand)
 v - an amulet of regeneration (around neck)
Wands
 o - a wand of quicksilver (12)
Scrolls
 w - a scroll of brand weapon {unknown}
Potions
 f - 2 potions of brilliance {unknown}
 h - 2 potions of lignification
 i - 3 potions of resistance
 j - 2 potions of curing
 l - 2 potions of heal wounds {unknown}
 n - a potion of mutation {unknown}
 p - 3 potions of degeneration {unknown}
 q - 2 potions of flight {unknown}
 r - a potion of might {unknown}
 t - 2 potions of attraction {unknown}
 u - a potion of cancellation {unknown}
Miscellaneous
 c - a piece from Xom's chessboard (15/15) (quivered)


   Skills:
 + Level 5.2 Fighting
 * Level 5.7 Axes
 - Level 1.9 Armour
 - Level 1.1 Dodging
 * Level 0.2 Shields


You had 5 spell levels left.
You didn't know any spells.
Your spell library contained the following spells:

 Spells                   Type           Power      Damage    Failure   Level
 Apportation              Tloc           0%         N/A       100%        1
 Scorch                   Fire           0%         2d5       100%        2
 Gell's Gravitas          Tloc           0%         N/A       100%        3
 Teleport Other           Tloc           0%         N/A       100%        3
 Flame Wave               Conj/Fire      0%         2d4       100%        4
 Alistair's Intoxication  Tmut/Pois      0%         N/A       100%        5
 Dispersal                Tloc           0%         N/A       100%        6
 Summon Cactus Giant      Summ           0%         N/A       100%        6


Dungeon Overview and Level Annotations

Branches:
Dungeon (4/15)             Temple (0/1) D:4

Altars:

Shops:
D:1 ?   D:4 [


Innate Abilities, Weirdness & Mutations

You are partially covered in thin metallic scales. (AC +2)
You are partially covered in sharp spines.
A meltable shield of frost defends you. (SH +4)
You have a small tail.
Your magical capacity is low. (-10% MP)
You are occasionally teleported next to monsters.


Message History

You block the orc's attack.
You slice the quokka!!
You kill the quokka!
You completely miss the orc. You block the orc's attack.
The orc hits you but does no damage.
You hit the orc but do no damage. You slash the orc!
You kill the orc!
You slash the hobgoblin!
You kill the hobgoblin!
You block the giant cockroach's attack. The orc is struck by your spines.
The orc hits you but does no damage.
The giant cockroach is struck by your spines.
The giant cockroach bites you but does no damage.
The orc hits you but does no damage. The orc is struck by your spines.
The orc hits you but does no damage.
You slash the ogre!
You tail-slap the ogre, but do no damage.
The ogre is moderately wounded.
You barely miss the orc. You slash the giant cockroach!
You kill the giant cockroach!
You slice the orc!!
You kill the orc!
The ogre is struck by your spines.
The ogre hits you with a +0 giant club!!
You block the orc's attack. The orc hits you but does no damage.
You block the ogre's attack.
You hit the ogre.
Your tail-slap misses the ogre.
The ogre is severely wounded.
You slash the orc!
You kill the orc!
You barely miss the ogre. The ogre hits you with a +0 giant club.
You block the ogre's attack.
The ogre hits you with a +0 giant club!!
* * * LOW HITPOINT WARNING * * *
A shower of butterflies erupts from you!
You feel better.
The ogre hits you with a +0 giant spiked club!!
Ouch! That really hurt!
You die...
Xom thinks this is hilarious!

...... #.... ......
#...# ## ...... .. #...#
..### ...... ...
#...#.............. ....
#...#..............
....##...#........######
......)bO..#####....####
......O@)......#........
........b..###'#........
..##.##b..b.............
# #..b..............
#.................
#.................
#.................
##....†....∩.∩.....
#.........#...#####


You could see 2 ogres.

Vanquished Creatures
  The ghost of ShellytheWitch the Sneak, an amateur KoBr (D:3)
  A bullfrog (D:3)
  A scorpion (D:4)
  A hound (D:4)
  Crazy Yiuf (D:4)
  A jelly (D:4)
  Terence (D:3)
  Robin (D:3)
  5 adders
  A dart slug (D:1)
  4 orcs
  3 endoplasms
  4 giant cockroaches
  7 goblins
  8 hobgoblins
  2 kobolds (D:1)
  6 quokkas
  8 ball pythons
  3 bats
  5 frilled lizards
  2 rats
66 creatures vanquished.

Vanquished Creatures (collateral kills)
  An adder (D:4)
1 creature vanquished.

Grand Total: 67 creatures vanquished

Notes
Turn   | Place    | Note
-------+----------+-------------------------------------------
     0 | D:1      | lonewolfV2 the Demonspawn Chaos Knight began the quest for
                  | the Orb.
     0 | D:1      | Reached XP level 1. HP: 18/18 MP: 1/1
   112 | D:1      | Reached skill level 1 in Dodging
   151 | D:1      | Found The Oracle's Delphic Readings.
   213 | D:1      | Gained mutation: You are partially covered in thin metallic
                  | scales. (AC +2) [demonic ancestry]
   213 | D:1      | Reached XP level 2. HP: 14/24 MP: 2/2
   922 | D:1      | Identified a scroll of acquirement
   922 | D:1      | Acquired the +7 war axe of Demand {heavy, Contam Fly Int+3}
  1082 | D:2      | Gained mutation: You are partially covered in sharp spines.
                  | [demonic ancestry]
  1082 | D:2      | Reached XP level 3. HP: 14/30 MP: 3/3
  1469 | D:2      | XOM: cloud trail
  1726 | D:2      | Found a faded altar of an unknown god.
  1998 | D:2      | XOM: god gift: 27 gold pieces
  2118 | D:3      | Noticed Robin
  2123 | D:3      | Killed Robin
  2124 | D:3      | Reached XP level 4. HP: 34/37 MP: 4/4
  2231 | D:3      | Found a runed translucent door.
  2233 | D:3      | Noticed a bullfrog
  2234 | D:3      | Noticed ShellytheWitch's ghost (amateur KoBr)
  2260 | D:3      | XOM: cloud trail
  2353 | D:3      | Noticed Terence
  2358 | D:3      | Killed Terence
  2381 | D:3      | XOM: give mutations
  2381 | D:3      | Gained mutation: Your magical capacity is low. (-10% MP)
                  | [Xom's mischief]
  2381 | D:3      | Gained mutation: You are occasionally teleported next to
                  | monsters. [Xom's mischief]
  2459 | D:3      | Killed a bullfrog
  2459 | D:3      | XOM: confuse monster(s)
  2460 | D:3      | Gained mutation: A meltable shield of frost defends you.
                  | (SH +4) [demonic ancestry]
  2460 | D:3      | Reached XP level 5. HP: 35/43 MP: 4/4
  2463 | D:3      | Killed ShellytheWitch's ghost
  2464 | D:3      | Reached skill level 5 in Axes
  2464 | D:3      | Gained mutation: You have a small tail. [demonic ancestry]
  2464 | D:3      | Reached XP level 6. HP: 43/50 MP: 5/5
  2567 | D:4      | Reached skill level 5 in Fighting
  2626 | D:4      | Found Papses's Armour Shoppe.
  2630 | D:4      | Found a runed translucent door.
  2630 | D:4      | Noticed Crazy Yiuf
  2630 | D:4      | XOM: 1-stop teleportation journey
  2631 | D:4      | XOM: fog
  2633 | D:4      | Killed Crazy Yiuf
  2915 | D:4      | XOM: 2-stop teleportation journey
  2922 | D:4      | Found a staircase to the Ecumenical Temple.
  2993 | D:4      | XOM: butterfly on damage
  2994 | D:4      | Mangled by an ogre

Illustrated notes

Levels and vault maps discovered:
D:1:      shiori_shiawase, layout_loops_ring, grunt_decor_mini_mirrors,
          nicolae_nh_oracle_at_delphi
D:2:      layout_basic, hellmonk_ecumenical_altar_slurped_away,
          hangedman_decor_slide_cut, grunt_decor_clamped
D:3:      layout_basic, ebering_ghost_sewer_d, uniq_terence, uniq_robin
D:4:      layout_basic, gammafunk_temple_overflow_elements, temple_statues,
          serial_shops, nicolae_shop_competitors_out_of_business, minivault_11,
          uniq_crazy_yiuf_cottage

Skill      XL: |  1  2  3  4  5  6 |
---------------+-------------------+-----
Dodging        | 1 |  1.1
Axes           | 3 4 5 |  5.7
Fighting       | 4 5 |  5.2
Armour         | |  1.9
Shields        | |  0.2

Action                     |  1- 3 |  4- 6 || total
---------------------------+-------+-------++-------
  Melee: Hand axe          |    47 |       ||    47
         Punch             |     1 |       ||     1
         War axe           |    28 |    40 ||    68
         Tailslap          |       |     1 ||     1
    Use: Scroll            |     7 |     2 ||     9
         Potion            |       |     1 ||     1
 Armour: Leather armour    |    18 |       ||    18
         Plate armour      |    38 |    38 ||    76
         Scale mail        |     2 |       ||     2
  Dodge: Dodged            |    28 |     3 ||    31
  Block: Kite shield       |       |     9 ||     9
         Other             |       |     5 ||     5
